Map: 赛博森林-天梯版

Players

Scarlett - Winner!

  • Race: Zerg Zerg
  • League: Diamond

DnS

  • Race: Protoss Protoss

Event: WESG 2018 Grand Finals

VOD

Have the link to the VOD?

Description

Time

  • Played on: March 12, 2019, 3:40 a.m.
  • Length: 4:34

All games in this series

Show
View Real Time Build Order
Export as new Build Order

Scarlett Zerg - Winner!

Build Orders: Hatch First 

Get SALT Encoding   

  12  0:00  Drone  
  13  0:12  Overlord  
  13  0:17  Drone  
  14  0:30  Drone x2  
  16  0:47  Hatchery  
  15  0:51  Drone  
  15  0:55  Drone  
  17  0:58  Drone  
  18  1:10  Extractor  
  17  1:14  Spawning Pool  
  17  1:17  Drone  
  17  1:20  Drone  
  18  1:28  Drone  
  19  1:38  Drone  
  20  1:51  Drone  
  21  1:54  Hatchery  
  20  2:01  Queen  
  20  2:05  Drone  
  20  2:08  Drone  
  24  2:13  Drone  
  25  2:16  Metabolic Boost  
  25  2:23  Overlord  
  25  2:27  Zergling x2  
  26  2:34  Roach Warren  
  26  2:36  Zergling x2  
  26  2:43  Zergling x4  
  28  2:50  Zergling x4  
  30  2:54  Overlord  
  30  2:59  Overlord  
  30  3:14  Roach x4  
  38  3:20  Roach  
  38  3:22  Roach  
  42  3:29  Roach  
  42  3:33  Zergling x4  
  46  3:40  Zergling x4  
  48  3:42  Zergling x2  
  48  3:45  Zergling x4  
  51  3:50  Ravager  
  51  3:54  Zergling x4  
  54  3:57  Zergling x2  
  54  3:58  Zergling x2  
  56  4:04  Overlord  
  54  4:14  Zergling x8  
Show
View Real Time Build Order
Export as new Build Order

DnS Protoss 

Build Orders: 1 Gate Expand, Dark Templar Rush 

Get SALT Encoding   

  12  0:00  Probe  
  13  0:12  Probe  
  14  0:20  Pylon  
  14  0:24  Probe  
  15  0:34  Probe  
  15  0:41  Gateway  
  15  0:42  Probe  
  16  0:48  Assimilator  
  17  0:52  Probe  
  18  1:04  Probe  
  19  1:16  Probe  
  20  1:25  Nexus  
  20  1:34  Cybernetics Core  
  20  1:37  Probe  
  21  1:45  Assimilator  
  21  1:49  Probe  
  21  1:52  Pylon  
  22  2:01  Adept, Probe  
  23  2:13  Probe  
  26  2:20  Twilight Council  
  26  2:21  Adept  
  26  2:25  Probe  
  26  2:26  Warp Gate  
  27  2:33  Probe  
  29  2:37  Probe  
  29  2:41  Probe  
  31  2:49  Probe  
  33  2:51  Probe  
  33  2:55  Robotics Facility  
  34  3:01  Probe  
  34  3:02  Probe  
  36  3:09  Probe  
  36  3:14  Probe  
  36  3:17  Dark Shrine, Probe  
  38  3:26  Probe, Gateway  
  40  3:35  Warp Prism  
  40  3:37  Probe  
  40  3:39  Gateway  
  41  3:42  Shield Battery, Gateway  
  43  3:50  Probe  
  43  3:52  Assimilator  
  44  3:56  Pylon, Assimilator  
  44  4:02  Probe  
  45  4:03  Pylon  
  45  4:09  Pylon  
Tags
 
Add a new tag
Caveats
  • Supply blocks, unpowered buildings, or Contaminate may cause inaccurate times.
  • Supply counts are checked every 10 seconds.